 Dungeon Crawl Stone Soup version 0.24-a0-487-g57318f2ed0 (webtiles) character file.

Game seed: 12560484515120688803

2641 tilp the Zephyrmancer (level 9, -7/52 HPs)
             Began as a Tengu Air Elementalist on June 25, 2019.
             Was a Follower of Sif Muna.
             Mangled by a seven-headed hydra (11 damage)
             ... on level 7 of the Dungeon on July 10, 2019.
             The game lasted 00:30:12 (7320 turns).

tilp the Zephyrmancer (Tengu Air Elementalist)      Turns: 7320, Time: 00:30:13

Health: -7/52      AC:  9    Str: 11    XL:     9   Next: 61%
Magic:  11/16      EV: 16    Int: 18    God:    Sif Muna [*.....]
Gold:   239        SH:  5    Dex: 16    Spells: 6/16 levels left

rFire    . . .     SeeInvis .   a - +2 dagger (venom)
rCold    . . .     Gourm    .   k - +0 buckler
rNeg     . . .     Faith    .   H - +0 troll leather armour
rPois    .         Spirit   .   (helmet restricted)
rElec    .         Reflect  .   g - +0 cloak
rCorr    .         Harm     .   B - +0 pair of gloves
MR       .....                  (boots unavailable)
Stlth    ++........             u - amulet of the acrobat
HPRegen  0.57/turn              h - +3 ring of protection
MPRegen  0.15/turn              p - +3 ring of strength

@: flying quickly and evasively, quick
A: beak, talons 3, able to fly
a: Stop Flying, Channel Magic, Renounce Religion


You were on level 7 of the Dungeon.
You worshipped Sif Muna.
Sif Muna was aware of your devotion.
You were not hungry.

You visited 1 branch of the dungeon, and saw 7 of its levels.
You also visited: Sewer.

You collected 349 gold pieces.
You spent 110 gold pieces at shops.

Inventory:

Hand Weapons
 a - a +2 dagger of venom (weapon)
 b - a +1 rapier
Missiles
 f - 3 throwing nets
 i - 3 atropa-tipped darts
 q - 19 poisoned darts (quivered)
 s - 6 javelins
Armour
 g - a +0 cloak (worn)
 k - a +0 buckler (worn)
 B - a +0 pair of gloves (worn)
 H - a +0 troll leather armour (worn)
Jewellery
 h - a +3 ring of protection (left hand)
 p - a +3 ring of strength (right hand)
 u - an amulet of the acrobat (around neck)
Wands
 r - a wand of disintegration (7)
 D - a wand of polymorph (5)
 I - a wand of enslavement (13)
Scrolls
 d - a scroll of immolation {unknown}
 m - 3 scrolls of amnesia
 n - 3 scrolls of teleportation
 y - 8 scrolls of remove curse
 C - a scroll of fear
 E - a scroll of fog
 K - a scroll of enchant weapon
Potions
 e - 7 potions of heal wounds
 j - 2 potions of haste
 l - a potion of resistance
 o - 5 potions of curing
 t - 3 potions of lignification
 v - 2 potions of agility
 w - a potion of ambrosia {unknown}
 z - a potion of berserk rage {unknown}
 A - a potion of might {unknown}
 F - a potion of magic {unknown}
 G - a potion of brilliance {unknown}
Comestibles
 c - 17 rations
 J - 2 chunks of flesh


   Skills:
 - Level 4.0 Fighting
 - Level 4.0 Dodging
 - Level 2.0 Stealth
 - Level 4.0 Shields
 - Level 4.1 Spellcasting
 - Level 6.1 Conjurations
 + Level 9.2 Air Magic
 - Level 4.0 Invocations
 - Level 4.0 Evocations


You had 6 spell levels left.
You knew the following spells:

 Your Spells              Type           Power        Failure   Level  Hunger
a - Shock                 Conj/Air       ####         1%          1    None
b - Swiftness             Chrm/Air       ###.....     4%          2    ##.....
c - Static Discharge      Conj/Air       ####....     2%          3    ###....
d - Airstrike             Air            #####.....   4%          4    ####...

Your spell library contained the following spells:

 Spells                   Type           Power        Failure   Level  Hunger
 Lightning Bolt           Conj/Air       ####......   22%         5    ######.


Dungeon Overview and Level Annotations

Branches:
Dungeon (7/15)             Temple (0/1) D:7

Altars:
Ashenzari
Elyvilon
Okawaru
Qazlal
Sif Muna
Uskayaw
Vehumet
Xom
The Shining One

Shops:
D:7 *

Annotations:
D:3 Purgy
D:5 2 runed translucent doors
D:6 Blork the orc, Dowan, Duvessa, Edmund


Innate Abilities, Weirdness & Mutations

You have a beak for a mouth.
You have claws for feet.
You can fly continuously.


Message History

Press: ? - help, Shift-Dir - straight line, f/p - seven-headed hydra
Aim: a seven-headed hydra (chance to defeat MR: 49%)
The seven-headed hydra is blasted!!
You block the seven-headed hydra's attack.
The seven-headed hydra bites you. The seven-headed hydra bites you!
The seven-headed hydra bites you.
* * * LOW HITPOINT WARNING * * *
The seven-headed hydra bites you.
* * * LOW HITPOINT WARNING * * *
The seven-headed hydra bites you but does no damage.
The seven-headed hydra closely misses you.
Unknown command.
Evoke which item? (* to show all) (? for menu, Esc to quit)
Aiming: Disintegrate
Press: ? - help, Shift-Dir - straight line, f/p - seven-headed hydra
Aim: a seven-headed hydra (moderately wounded, chance to defeat MR: 49%)
The seven-headed hydra is blasted!
The seven-headed hydra bites you.
* * * LOW HITPOINT WARNING * * *
The seven-headed hydra misses you. The seven-headed hydra bites you!
You die...

.....##..........................
......#.....)...).)...######.....
..................#####...##..##.
#...........#####.#.#.'....#..###
#...........# ####..####'####..
##.>....#...# #...#.......#.#
............# ####÷##.⌠...⌠.###
..#.#.#.#.#.# ###888.##..⌠....##.
#...........###.@D5..8#.÷.⌠...5D.
#.#.......#.....#888.##....⌠..#
................####'##.⌠...⌠.#
..#...>...#...##..#...#.......#
#.............#...##..####'####
..#.......#.......#.#.FD...#
..................#####...##
..#.#.#.#.#........## #####
#...................#


You could see a seven-headed hydra and a shadow imp.

Vanquished Creatures
  A troll (D:6)
  A hippogriff (D:7)
  2 black bears
  An ice beast (D:7)
  A sky beast (D:6)
  An ogre (D:7)
  3 centaurs
  5 bullfrogs
  A wyvern zombie (D:7)
  A scorpion (D:7)
  A howler monkey (D:5)
  2 crimson imps
  2 jellies
  2 orc priests
  4 hounds
  A centaur skeleton (D:5)
  3 iguanas
  7 orc wizards
  2 worker ants
  A hound skeleton (D:5)
  4 gnolls (D:7)
  12 adders
  2 shadow imps
  15 oozes
  2 adder skeletons
  2 worms
  3 dart slugs
  18 leopard geckos
  16 orcs
  10 ball pythons
  6 bats
  15 giant cockroaches
  3 goblins
  7 hobgoblins
  8 jackals
  4 quokkas
  15 frilled lizards
  A jackal skeleton (D:4)
  5 kobolds
  A leopard gecko skeleton (D:4)
  A quokka zombie (D:7)
  10 rats
202 creatures vanquished.

Vanquished Creatures (others)
  An orc wizard (D:4)
  5 fungi (D:5)
6 creatures vanquished.

Grand Total: 208 creatures vanquished

Notes
Turn   | Place    | Note
-------+----------+-------------------------------------------
     0 | D:1      | tilp the Tengu Air Elementalist began the quest for the
                  | Orb.
     0 | D:1      | Reached XP level 1. HP: 10/10 MP: 4/4
   194 | D:1      | Reached XP level 2. HP: 15/15 MP: 4/6
   361 | D:1      | Reached skill level 5 in Air Magic
   688 | D:2      | Reached XP level 3. HP: 8/19 MP: 0/7
   968 | D:2      | Reached skill level 6 in Air Magic
  1149 | D:2      | Reached XP level 4. HP: 24/24 MP: 4/8
  1872 | D:3      | Gained mutation: You can fly continuously. [Tengu growth]
  1872 | D:3      | Reached XP level 5. HP: 28/28 MP: 7/11
  2043 | D:3      | Noticed Purgy
  2271 | D:3      | Found a faded altar of an unknown god.
  2434 | D:3      | Learned a level 2 spell: Swiftness
  2438 | D:3      | Learned a level 3 spell: Static Discharge
  2443 | D:3      | Learned a level 4 spell: Airstrike
  2806 | D:4      | Reached skill level 1 in Shields
  2875 | D:4      | Reached XP level 6. HP: 21/32 MP: 5/13
  2950 | D:4      | Found a glowing drain.
  2954 | Sewer    | Entered a sewer
  3473 | Sewer    | Reached skill level 1 in Fighting
  3473 | Sewer    | Reached XP level 7. HP: 5/38 MP: 7/14
  4558 | D:5      | Entered Level 5 of the Dungeon
  4589 | D:5      | Upgraded the game from 0.24-a0-447-ge8da9206dc to
                  | 0.24-a0-487-g57318f2ed0
  4768 | D:5      | Reached XP level 8. HP: 48/48 MP: 6/15
  4877 | D:5      | Found a deep blue altar of Sif Muna.
  4925 | D:5      | Became a worshipper of Sif Muna the Loreminder
  5221 | D:5      | Found a runed translucent door.
  5236 | D:5      | Found a runed translucent door.
  5711 | D:6      | Noticed Duvessa
  5711 | D:6      | Noticed Dowan
  5723 | D:6      | Reached skill level 7 in Air Magic
  5771 | D:6      | Noticed a troll
  5788 | D:6      | Noticed Edmund
  5893 | D:6      | Noticed Blork the orc
  5943 | D:6      | Found a glowing golden altar of the Shining One.
  5957 | D:6      | Found an iron altar of Okawaru.
  5958 | D:6      | Found a white marble altar of Elyvilon.
  5958 | D:6      | Found a radiant altar of Vehumet.
  5959 | D:6      | Found a shattered altar of Ashenzari.
  5960 | D:6      | Found a shimmering altar of Xom.
  5961 | D:6      | Found a hide-covered altar of Uskayaw.
  5962 | D:6      | Found a stormy altar of Qazlal.
  6054 | D:6      | Reached skill level 8 in Air Magic
  6198 | D:6      | Killed a troll
  6300 | D:7      | Found Garch's General Store.
  6331 | D:7      | Bought a scroll of identify for 22 gold pieces
  6331 | D:7      | Bought 2 potions of curing for 66 gold pieces
  6331 | D:7      | Bought a scroll of identify for 22 gold pieces
  6350 | D:7      | Reached XP level 9. HP: 52/52 MP: 11/16
  6450 | D:7      | Reached * piety under Sif Muna
  6886 | D:7      | Found a staircase to the Ecumenical Temple.
  7121 | D:7      | Reached skill level 5 in Conjurations
  7209 | D:7      | Reached skill level 9 in Air Magic
  7272 | D:7      | Noticed a seven-headed hydra
  7320 | D:7      | Mangled by a seven-headed hydra

Levels and vault maps discovered:
D:1:      minmay_arrival_checkered_box, layout_rooms
D:2:      layout_basic
D:3:      layout_basic, chequers_ecumenical_altar_simple, first_ration,
          uniq_purgy
D:4:      layout_loops_ring, serial_bayou, serial_bayou_pond_c,
          serial_bayou_shore_b, serial_bayou_pond_c, serial_bayou_lake_a,
          gup_sewer_entry_bowl, minmay_between
D:5:      lemuel_insect_pit, layout_basic, led_sif_pool, serial_aquarium,
          aquarium_bridge_long_joined [aquarium_subvault_wall,
          aquarium_subvault_wall, aquarium_subvault_bridge,
          aquarium_subvault_bridge, aquarium_subvault_window,
          aquarium_subvault_bridge], aquarium_window_1, aquarium_window_1,
          aquarium_view_2a, aquarium_view_2b, aquarium_pool_corner
D:6:      layout_rooms, minitemple, uniq_edmund, uniq_blork_the_orc,
          uniq_duvessa
D:7:      minmay_chambers_of_sevens, layout_cave_pools,
          minmay_temple_entry_glass, serial_shops,
          nicolae_shop_temple_entry_statues_fountains

Skill      XL: |  1  2  3  4  5  6  7  8  9 |
---------------+----------------------------+-----
Air Magic      | 5 6 8 9 |  9.2
Spellcasting   | 3 4 |  4.1
Shields        | 2 4 |  4.0
Fighting       | 1 4 |  4.0
Dodging        | 4 |  4.0
Conjurations   | 4 6 |  6.1
Invocations    | 2 4 |  4.0
Evocations     | 2 4 |  4.0
Stealth        | |  2.0

Action                   |  1- 3 |  4- 6 |  7- 9 || total
-------------------------+-------+-------+-------++-------
Melee: Dagger            |    13 |       |    80 ||    93
       Kick              |     4 |    34 |    31 ||    69
       Peck              |     4 |    20 |    26 ||    50
       Rapier            |     4 |   148 |    44 ||   196
Throw: Dart              |       |       |     5 ||     5
 Cast: Shock             |    43 |    74 |    85 ||   202
       Static Discharge  |       |     5 |       ||     5
       Airstrike         |       |       |    34 ||    34
 Abil: Fly               |       |     1 |       ||     1
Evoke: Wand              |       |     3 |    15 ||    18
  Use: Scroll            |     3 |    10 |     4 ||    17
       Potion            |       |     1 |     1 ||     2
 Stab: Sleeping          |       |     6 |     4 ||    10
       Paralysed         |       |     3 |     6 ||     9
  Eat: Chunk             |     1 |     8 |    18 ||    27
Armor: Leather armour    |     7 |    62 |    18 ||    87
       Troll leather arm |       |       |    11 ||    11
Dodge: Dodged            |    22 |   233 |   108 ||   363
Block: Buckler           |       |    13 |    37 ||    50

Table legend:
 A = Non-vault XP
 B = Vault XP
 C = Vault XP percentage of total XP
 D = Non-vault monster count
 E = Vault monster count
 F = Vault count percentage of total count
                 A         B        C        D         E       F
            +---------+---------+-------+---------+---------+-------
      Total |    2745 |    1028 |  27.2 |     132 |      71 |  35.0
            +---------+---------+-------+---------+---------+-------
        D:1 |      30 |       0 |   0.0 |      15 |       0 |   0.0
        D:2 |      62 |       0 |   0.0 |      19 |       0 |   0.0
        D:3 |     118 |       0 |   0.0 |      22 |       0 |   0.0
        D:4 |     447 |      79 |  15.0 |      28 |       7 |  20.0
        D:5 |     306 |       0 |   0.0 |      18 |       0 |   0.0
        D:6 |     824 |       0 |   0.0 |       9 |       0 |   0.0
        D:7 |     958 |     559 |  36.8 |      21 |       7 |  25.0
      Sewer |       0 |     390 | 100.0 |       0 |      57 | 100.0
            +---------+---------+-------+---------+---------+-------
